 Dungeon Crawl Stone Soup version 0.31-a0-164-g2312942fda (webtiles) character file.

Game seed: 5962599404856568877

6034 qw the Cleaver (level 10, -3/64 HPs)
             Began as a Gargoyle Fighter on June 13, 2023.
             Was a Believer of Okawaru.
             Killed from afar by a deep elf pyromancer (30 damage)
             ... with a bolt of fire
             ... on level 8 of the Dungeon.
             The game lasted 00:04:36 (8118 turns).

qw the Cleaver (Gargoyle Fighter)                   Turns: 8118, Time: 00:04:36

Health: -3/64      AC: 27    Str: 24    XL:     10   Next: 86%
Magic:  11/13      EV:  9    Int:  9    God:    Okawaru [**....]
Gold:   565        SH: 11    Dex:  9    Spells: 9/9 levels left

rFire   . . .        Y - +0 war axe
rCold   . . .        c - +0 buckler
rNeg    + . .        n - +0 plate armour
rPois   inf          l - +0 helmet
rElec   +            (no cloak)
rCorr   .            h - +0 pair of gloves
SInv    +            i - +0 pair of boots
Will    +....        k - amulet of reflection Stlth
                     j - ring of see invisible
HPRegen 0.30/turn    (no ring)
MPRegen 0.13/turn

%: reflection
@: heroic
A: sickness immunity, AC +7, negative energy resistance 1, electricity
resistance, torment resistance 1, petrification resistance, strong-willed 1
a: Renounce Religion, Heroism


You were on level 8 of the Dungeon.
You worshipped Okawaru.
Okawaru was pleased with you.
You visited 1 branch of the dungeon, and saw 8 of its levels.

You collected 565 gold pieces.


Innate Abilities, Weirdness & Mutations

You are immune to sickness and miasma.
Your stone body is resilient. (AC +7)
You are immune to poison.
You resist negative energy. (rN+)
You are resistant to electric shocks. (rElec)
You are resistant to unholy torment.
You are immune to petrification.
You are strong-willed. (Will+)


   Skills:
 - Level 8.0(13.0) Fighting
 + Level 10.8(15.8) Axes
 - Level 3.3(8.3) Throwing
 - Level 7.0(12.0) Armour
 - Level 1.2(6.2) Dodging
 - Level 5.0(10.0) Shields
 - Level 4.1 Invocations


You had 9 spell levels left.
You didn't know any spells.
Your spell library was empty.

Inventory:

Hand Weapons
 f - a +1 flail of protection
 Y - a +0 war axe (weapon)
Missiles
 g - 5 boomerangs (quivered)
 p - a silver javelin
Armour
 c - a +0 buckler (worn)
 h - a +0 pair of gloves (worn)
 i - a +0 pair of boots (worn)
 l - a +0 helmet (worn)
 n - a +0 plate armour (worn)
Jewellery
 j - a ring of see invisible (left hand)
 k - an amulet of reflection (around neck)
Scrolls
 m - 5 scrolls of identify
 o - 5 scrolls of teleportation
Potions
 a - 2 potions of resistance
 b - 2 potions of mutation
 d - 2 potions of might
 e - 3 potions of curing
 s - a potion of lignification

Dungeon Overview and Level Annotations

Branches:
Dungeon (8/15)             Temple (0/1) D:6
   Lair: D:8-11

Altars:
Ashenzari
Cheibriados
Dithmenos
Fedhas
Gozag
Okawaru
Qazlal
Sif Muna
Trog
Wu Jian
Xom
Zin

Shops:
D:5 ::


Message History

You slash the fire elemental!
The fire elemental is heavily damaged.
You hit the fire elemental. The fire elemental hits you.
The fire elemental burns you! You block the fire elemental's attack.
You hit the fire elemental but do no damage.
The fire elemental is heavily damaged.
You hit the fire elemental.
The fire elemental barely misses you. x2
You hit the fire elemental but do no damage.
The fire elemental is heavily damaged.
You barely miss the fire elemental.
You block the fire elemental's attack. x2
You slash the fire elemental!
You destroy the fire elemental!
The fire elemental disappears in a puff of smoke!
You slash the fire elemental! The fire elemental hits you.
The fire elemental burns you!
The deep elf pyromancer casts a spell.
You slice the fire elemental!!
You destroy the fire elemental!
The fire elemental disappears in a puff of smoke!
You slash the centaur! You block the centaur's attack.
The centaur kicks you but does no damage.
You slice the centaur!!
You kill the centaur!
Okawaru accepts your kill.
You barely miss the centaur.
The centaur hits you but does no damage.
You block the centaur's attack.
You slice the wight!!
You destroy the wight!
Okawaru accepts your kill.
You barely miss the centaur.
The centaur hits you but does no damage.
The centaur kicks you but does no damage.
The deep elf pyromancer gestures at you while chanting.
The bolt of fire hits you!!
You die...

.....# ##+ #....# ##
...##....##. ...........
..........##############
..........#....¤@)e.E0..
...##....##.....#cQ*0...
...##..%<##..#..#¤.#####
...##....##..#..#..#
..........#..#..#..# ..
..........#..#..#..#
#....
..........#..#..#..#
.....#
...##....##..#..#...
#.....#
...##....##%)#..#
###......#


You could see a deep elf pyromancer, a fire elemental (summoned), a tengu
conjurer, a centaur and a battlesphere (distracted).

Vanquished Creatures
  A kobold demonologist (D:5)
  2 hornets (D:8)
  2 yaks
  A shadow (D:7)
  A steam dragon (D:6)
  Edmund (D:6)
  2 orc warriors
  4 ice beasts
  A sky beast (D:8)
  6 black bears
  2 ogres
  4 centaurs
  3 phantoms
  3 kobold brigands
  5 bullfrogs
  3 scorpions
  8 wights
  5 killer bees
  4 howler monkeys
  5 electric eels (D:7)
  6 hounds
  6 jellies
  4 orc priests
  A sleepcap (D:5)
  6 iguanas
  8 orc wizards
  Robin (D:2)
  7 gnolls
  8 adders
  A shadow imp (D:6)
  3 ufetubi
  5 worms
  6 dart slugs
  22 orcs
  9 bats
  5 endoplasms
  3 giant cockroaches
  13 goblins
  8 hobgoblins
  2 jackals (D:1)
  17 kobolds
  3 quokkas
  10 ball pythons
  3 frilled lizards
  10 rats
230 creatures vanquished.

Notes
Turn   | Place    | Note
-------+----------+-------------------------------------------
     0 | D:1      | qw the Gargoyle Fighter began the quest for the Orb.
     0 | D:1      | Reached XP level 1. HP: 14/14 MP: 1/1
     0 | D:1      | 0 ||| qw: Version: 0.2-a-29-gc1b59c4
     0 | D:1      | 0 ||| qw: Game counter: 4465
     0 | D:1      | 0 ||| qw: Always use a shield: true
     0 | D:1      | 0 ||| qw: God list: Okawaru
     0 | D:1      | 0 ||| qw: Allow faded altars: false
     0 | D:1      | 0 ||| qw: Do Orc after D:15 true
     0 | D:1      | 0 ||| qw: Do second Lair branch before Depths: true
     0 | D:1      | 0 ||| qw: Lair rune preference: random
     0 | D:1      | 0 ||| qw: Plans: Normal, Zot:1-4, Slime:5, God:TSO, Crypt,
                  | Tomb, Abyss, Pan, Hells, Win
     0 | D:1      | 0 ||| PLANNING D:1-11
    93 | D:1      | Reached skill level 2 in Axes
   137 | D:1      | 137 ||| Stepping ~*~*~tactically~*~*~ (hiding).
   139 | D:1      | 139 ||| Stepping ~*~*~tactically~*~*~ (hiding).
   141 | D:1      | 141 ||| Stepping ~*~*~tactically~*~*~ (hiding).
   144 | D:1      | Reached XP level 2. HP: 19/19 MP: 2/2
   355 | D:1      | Found a faded altar of an unknown god.
   409 | D:1      | Reached skill level 3 in Axes
   409 | D:1      | Reached XP level 3. HP: 22/23 MP: 3/3
   605 | D:1      | 605 ||| Stepping ~*~*~tactically~*~*~ (stealth).
   731 | D:1      | 731 ||| UPGRADING to ring of see invisible.
   732 | D:1      | 732 ||| READING scroll labelled KOAT FIHI ZIOX.
   733 | D:1      | 733 ||| READING scroll labelled FINAIV HEUKHLIRI.
   734 | D:1      | 734 ||| READING scroll labelled ILODWI LARENER.
   735 | D:1      | 735 ||| READING scroll labelled QEJO CEONERE.
   842 | D:2      | 842 ||| DROPPING +0 whip.
   902 | D:2      | 902 ||| Stepping ~*~*~tactically~*~*~ (stealth).
  1058 | D:2      | Noticed Robin
  1059 | D:2      | 1059 ||| Stepping ~*~*~tactically~*~*~ (hiding).
  1065 | D:2      | Reached XP level 4. HP: 28/28 MP: 4/4
  1080 | D:2      | Killed Robin
  1081 | D:2      | Reached skill level 4 in Axes
  1262 | D:2      | 1262 ||| UPGRADING to +0 helmet.
  1267 | D:2      | 1267 ||| READING scroll labelled POIGA UNOGOS.
  1270 | D:2      | 1270 ||| READING scroll labelled QETISY HEONKUI.
  1387 | D:3      | 1387 ||| Stepping ~*~*~tactically~*~*~ (hiding).
  1389 | D:3      | 1389 ||| Stepping ~*~*~tactically~*~*~ (hiding).
  1555 | D:3      | 1555 ||| Stepping ~*~*~tactically~*~*~ (hiding).
  1824 | D:3      | Found an opulent altar of Gozag.
  1903 | D:3      | Reached XP level 5. HP: 32/32 MP: 5/5
  1972 | D:3      | 1972 ||| Stepping ~*~*~tactically~*~*~ (stealth).
  2090 | D:3      | 2090 ||| Stepping ~*~*~tactically~*~*~ (hiding).
  2211 | D:3      | Reached skill level 5 in Axes
  2295 | D:3      | Found a shadowy altar of Dithmenos.
  2508 | D:3      | 2508 ||| DROPPING +0 mace.
  2510 | D:3      | 2510 ||| UPGRADING to +0 chain mail.
  2520 | D:3      | 2520 ||| DROPPING +0 scale mail.
  2521 | D:3      | 2521 ||| READING scroll labelled KOQAS TIAM.
  2522 | D:3      | 2522 ||| READING scroll labelled YPSESO ISOURCHO.
  2523 | D:3      | 2523 ||| READING 2 scrolls of identify.
  2523 | D:3      | 2523 ||| IDENTIFYING metallic puce potion
  2541 | D:4      | 2541 ||| Stepping ~*~*~tactically~*~*~ (hiding).
  2597 | D:4      | 2597 ||| Stepping ~*~*~tactically~*~*~ (stealth).
  2608 | D:4      | Reached XP level 6. HP: 39/39 MP: 6/6
  2617 | D:4      | HP: 4/39 [ogre/+0 giant club (21)]
  2769 | D:4      | 2769 ||| STAIRDANCE
  2813 | D:3      | 2813 ||| READING 2 scrolls of identify.
  2813 | D:3      | 2813 ||| IDENTIFYING puce potion
  2872 | D:4      | 2872 ||| Stepping ~*~*~tactically~*~*~ (stealth).
  3041 | D:4      | 3041 ||| Stepping ~*~*~tactically~*~*~ (hiding).
  3278 | D:4      | Found a bloodstained altar of Trog.
  3343 | D:4      | Found a broken altar of Ashenzari.
  3347 | D:4      | Found a shimmering altar of Xom.
  3348 | D:4      | Found a snail-covered altar of Cheibriados.
  3348 | D:4      | Found a stormy altar of Qazlal.
  3348 | D:4      | Found a blossoming altar of Fedhas.
  3350 | D:4      | Found an iron altar of Okawaru.
  3351 | D:4      | 3351 ||| PLANNING OKAWARU WORSHIP
  3351 | D:4      | 3351 ||| UPGRADING to +0 pair of gloves.
  3356 | D:4      | 3356 ||| READING scroll labelled KIARGH HYDWOUJ.
  3357 | D:4      | 3357 ||| DRINKING 3 emerald potions.
  3358 | D:4      | 3358 ||| DRINKING 2 fuming yellow potions.
  3359 | D:4      | 3359 ||| DRINKING 2 white potions.
  3360 | D:4      | 3360 ||| READING 2 scrolls of identify.
  3360 | D:4      | 3360 ||| IDENTIFYING bubbling puce potion
  3361 | D:4      | 3361 ||| DROPPING potion of enlightenment.
  3362 | D:4      | 3362 ||| DROPPING 2 potions of degeneration.
  3363 | D:4      | 3363 ||| DROPPING potion of invisibility.
  3364 | D:4      | 3364 ||| DROPPING potion of brilliance.
  3365 | D:4      | Found a glowing silver altar of Zin.
  3369 | D:4      | Became a worshipper of Warmaster Okawaru
  3369 | D:4      | 3369 ||| PLANNING D:1-11
  3504 | D:5      | Entered Level 5 of the Dungeon
  3614 | D:5      | Reached skill level 6 in Axes
  3614 | D:5      | Reached XP level 7. HP: 44/44 MP: 7/7
  3666 | D:5      | HP: 10/44 [orc priest/divine providence (12)]
  3677 | D:5      | HP: 8/44 [ice beast (3)]
  3677 | D:5      | HP: 2/44 [ice beast (6)]
  3685 | D:5      | Reached skill level 7 in Axes
  3952 | D:5      | Found Kunoceil's Tremendous Tomes.
  3985 | D:5      | Found Jeiprep's Book Emporium.
  3997 | D:5      | 3997 ||| Stepping ~*~*~tactically~*~*~ (stealth).
  4017 | D:5      | Reached skill level 1 in Dodging
  4017 | D:5      | Reached * piety under Okawaru
  4018 | D:5      | Reached XP level 8. HP: 35/49 MP: 8/8
  4068 | D:5      | 4068 ||| DROPPING +0 hammer of protection.
  4105 | D:5      | Reached skill level 1 in Invocations
  4130 | D:5      | Found a shimmering blue altar of Sif Muna.
  4133 | D:5      | 4133 ||| INVOKING Heroism.
  4135 | D:5      | Reached skill level 1 in Throwing
  4174 | D:5      | 4174 ||| INVOKING Heroism.
  4177 | D:5      | HP: 12/49 [wight/+0 great sword (8)]
  4178 | D:5      | 4178 ||| READING scroll of teleportation.
  4425 | D:5      | 4425 ||| Stepping ~*~*~tactically~*~*~ (hiding).
  4513 | D:5      | Reached skill level 8 in Axes
  4602 | D:5      | Noticed a kobold demonologist
  4602 | D:5      | Noticed a yak
  4603 | D:5      | 4603 ||| Stepping ~*~*~tactically~*~*~ (stealth).
  4609 | D:5      | 4609 ||| INVOKING Heroism.
  4626 | D:5      | 4626 ||| INVOKING Heroism.
  4627 | D:5      | Killed a yak
  4628 | D:5      | Reached skill level 6 in Fighting
  4639 | D:5      | Killed a kobold demonologist
  4640 | D:5      | Reached skill level 3 in Invocations
  4640 | D:5      | Reached XP level 9. HP: 32/55 MP: 7/11
  4641 | D:5      | 4641 ||| INVOKING Heroism.
  4790 | D:5      | 4790 ||| INVOKING Heroism.
  4869 | D:5      | 4869 ||| INVOKING Heroism.
  4912 | D:5      | 4912 ||| Stepping ~*~*~tactically~*~*~ (hiding).
  4997 | D:5      | 4997 ||| Stepping ~*~*~tactically~*~*~ (hiding).
  5000 | D:5      | 5000 ||| Stepping ~*~*~tactically~*~*~ (hiding).
  5157 | D:5      | 5157 ||| UPGRADING to +0 plate armour.
  5167 | D:5      | 5167 ||| DROPPING +0 chain mail.
  5168 | D:5      | 5168 ||| UPGRADING to amulet of reflection.
  5173 | D:5      | 5173 ||| DROPPING ring of wizardry.
  5174 | D:5      | 5174 ||| READING scroll labelled UBYIXU REMMONI.
  5175 | D:5      | 5175 ||| DRINKING 2 smoky sapphire potions.
  5175 | D:5      | Gained mutation: You are strong-willed. (Will+) [potion of
                  | mutation]
  5176 | D:5      | 5176 ||| READING 4 scrolls of identify.
  5176 | D:5      | 5176 ||| IDENTIFYING fuming dark potion
  5177 | D:5      | 5177 ||| READING 3 scrolls of identify.
  5177 | D:5      | 5177 ||| IDENTIFYING murky silvery potion
  5178 | D:5      | 5178 ||| DROPPING potion of berserk rage.
  5236 | D:6      | 5236 ||| INVOKING Heroism.
  5282 | D:6      | 5282 ||| Stepping ~*~*~tactically~*~*~ (hiding).
  5338 | D:6      | 5338 ||| INVOKING Heroism.
  5342 | D:6      | Reached skill level 9 in Axes
  5373 | D:6      | 5373 ||| INVOKING Heroism.
  5502 | D:6      | Found an ornate altar of the Wu Jian Council.
  5659 | D:6      | 5659 ||| Stepping ~*~*~tactically~*~*~ (stealth).
  5660 | D:6      | 5660 ||| Stepping ~*~*~tactically~*~*~ (stealth).
  5685 | D:6      | Reached skill level 3 in Throwing
  5697 | D:6      | 5697 ||| Stepping ~*~*~tactically~*~*~ (stealth).
  5701 | D:6      | 5701 ||| Stepping ~*~*~tactically~*~*~ (stealth).
  5703 | D:6      | 5703 ||| INVOKING Heroism.
  5722 | D:6      | Reached skill level 6 in Armour
  5735 | D:6      | 5735 ||| Stepping ~*~*~tactically~*~*~ (stealth).
  5765 | D:6      | Noticed Edmund
  5766 | D:6      | 5766 ||| INVOKING Heroism.
  5767 | D:6      | 5767 ||| Stepping ~*~*~tactically~*~*~ (stealth).
  5770 | D:6      | 5770 ||| Stepping ~*~*~tactically~*~*~ (hiding).
  5776 | D:6      | Killed Edmund
  5790 | D:6      | 5790 ||| Stepping ~*~*~tactically~*~*~ (stealth).
  5800 | D:6      | 5800 ||| Stepping ~*~*~tactically~*~*~ (stealth).
  5801 | D:6      | 5801 ||| DROPPING +0 flail.
  5830 | D:6      | 5830 ||| Stepping ~*~*~tactically~*~*~ (hiding).
  5834 | D:6      | 5834 ||| INVOKING Heroism.
  5853 | D:6      | Reached XP level 10. HP: 54/63 MP: 13/13
  5905 | D:6      | 5905 ||| Stepping ~*~*~tactically~*~*~ (stealth).
  5952 | D:6      | Found a staircase to the Ecumenical Temple.
  6303 | D:6      | 6303 ||| INVOKING Heroism.
  6325 | D:6      | 6325 ||| READING scroll labelled XARESMO VILEGI.
  6357 | D:7      | 6357 ||| Stepping ~*~*~tactically~*~*~ (stealth).
  6359 | D:7      | 6359 ||| Stepping ~*~*~tactically~*~*~ (stealth).
  6369 | D:7      | 6369 ||| Stepping ~*~*~tactically~*~*~ (stealth).
  6433 | D:7      | 6433 ||| Stepping ~*~*~tactically~*~*~ (stealth).
  6435 | D:7      | 6435 ||| Stepping ~*~*~tactically~*~*~ (stealth).
  6446 | D:7      | Reached skill level 10 in Axes
  6566 | D:7      | Reached ** piety under Okawaru
  6571 | D:7      | 6571 ||| FLEEEEING.
  6572 | D:7      | 6572 ||| FLEEEEING.
  6573 | D:7      | 6573 ||| FLEEEEING.
  6577 | D:7      | 6577 ||| FLEEEEING.
  6578 | D:7      | 6578 ||| FLEEEEING.
  6579 | D:7      | 6579 ||| FLEEEEING.
  6582 | D:7      | 6582 ||| FLEEEEING.
  6583 | D:7      | 6583 ||| FLEEEEING.
  6584 | D:7      | 6584 ||| FLEEEEING.
  6637 | D:7      | Found a flagged portal.
  6684 | D:7      | 6684 ||| INVOKING Heroism.
  6752 | D:7      | 6752 ||| INVOKING Heroism.
  6766 | D:7      | 6766 ||| Stepping ~*~*~tactically~*~*~ (water).
  6802 | D:7      | 6802 ||| Stepping ~*~*~tactically~*~*~ (stealth).
  6994 | D:7      | 6994 ||| Stepping ~*~*~tactically~*~*~ (stealth).
  7051 | D:7      | 7051 ||| INVOKING Heroism.
  7110 | D:7      | 7110 ||| INVOKING Heroism.
  7490 | D:7      | 7490 ||| UPGRADING to +0 pair of boots.
  7587 | D:8      | 7587 ||| INVOKING Heroism.
  7768 | D:8      | 7768 ||| Stepping ~*~*~tactically~*~*~ (hiding).
  7769 | D:8      | 7769 ||| Stepping ~*~*~tactically~*~*~ (hiding).
  7876 | D:8      | 7876 ||| INVOKING Heroism.
  8105 | D:8      | Noticed a deep elf pyromancer
  8111 | D:8      | 8111 ||| INVOKING Heroism.
  8118 | D:8      | Killed from afar by a deep elf pyromancer

Levels and vault maps discovered:
D:1:      dpeg_arrival_three_bigger_balls, layout_basic,
          ebering_ecumenical_altar_mist
D:2:      layout_rooms, uniq_robin
D:3:      layout_basic, nicolae_gozag_cash_rules_everything_around_me,
          mainiacjoe_overflow_surrounded_room, grunt_decor_arrowhead,
          hangedman_feature_mirror, uniq_crazy_yiuf_cottage
D:4:      layout_cave_pools, minitemple, lemuel_doored_altar,
          dk_rats_in_the_wall
D:5:      layout_loops_ring, mainiacjoe_overflow_catwalk, serial_shops,
          nicolae_shop_advertising_works [nicolae_subvault_shop_adworks],
          nicolae_shop_i_like_big_books, minmay_divided_ellipse
D:6:      minmay_recursive_quarters, layout_loops_ring,
          lemuel_coloured_pillars_altar, minmay_temple_entry_offerings,
          uniq_edmund
D:7:      layout_loops_ring, enter_bailey_5, chequers_big_river,
          water_boxes_lemuel
D:8:      minmay_quarter_circles, layout_gridville, grunt_decor_one_mirror,
          reono_crystal_passage, uniq_grum, uniq_psyche

Skill      XL: |  1  2  3  4  5  6  7  8  9 10 |
---------------+-------------------------------+-----
Axes           | 2 3 4 5 6 7 8 9 10 | 10.8
Fighting       | 4 5 6 7 8 |  8.0
Dodging        | 1 |  1.2
Invocations    | 3 4 |  4.1
Throwing       | 2 3 |  3.3
Armour         | 4 6 7 |  7.0
Shields        | 4 5 |  5.0

Action                     |  1- 3 |  4- 6 |  7- 9 | 10-12 || total
---------------------------+-------+-------+-------+-------++-------
  Melee: War axe           |   101 |   179 |   331 |   189 ||   800
  Throw: Javelin           |       |       |    37 |    26 ||    63
         Boomerang         |       |       |       |    24 ||    24
 Invoke: Heroism           |       |       |    13 |     8 ||    21
    Use: Scroll            |     4 |     8 |     4 |     1 ||    17
         Potion            |       |     3 |     1 |       ||     4
 Armour: Scale mail        |    41 |    56 |       |       ||    97
         Chain mail        |       |    31 |   128 |       ||   159
         Plate armour      |       |       |    56 |   130 ||   186
  Dodge: Dodged            |    44 |    66 |   142 |    52 ||   304
  Block: Buckler           |    16 |    28 |    94 |   107 ||   245
         Reflection        |       |       |       |     5 ||     5

Table legend:
 A = Non-vault XP
 B = Vault XP
 C = Vault XP percentage of total XP
 D = Non-vault monster count
 E = Vault monster count
 F = Vault count percentage of total count
                 A         B        C        D         E       F
            +---------+---------+-------+---------+---------+-------
      Total |    5261 |    3434 |  39.5 |     175 |      55 |  23.9
            +---------+---------+-------+---------+---------+-------
        D:1 |      56 |       0 |   0.0 |      28 |       0 |   0.0
        D:2 |      26 |      33 |  55.9 |      11 |      11 |  50.0
        D:3 |     115 |      12 |   9.4 |      24 |       6 |  20.0
        D:4 |     284 |       0 |   0.0 |      16 |       0 |   0.0
        D:5 |    1415 |    1150 |  44.8 |      28 |      13 |  31.7
        D:6 |    1168 |     774 |  39.9 |      22 |      10 |  31.2
        D:7 |    1732 |       8 |   0.5 |      32 |       4 |  11.1
        D:8 |     465 |    1457 |  75.8 |      14 |      11 |  44.0
            +---------+---------+-------+---------+---------+-------
